 Dungeon Crawl Stone Soup version 0.25.0-41-g26779e291d (webtiles) character file.

Game seed: 2942773238802825422

451518 KleinerIrrer the Cloud Mage (level 23, -2/164 HPs)
             Began as a Demonspawn Air Elementalist on July 8, 2020.
             Shot with an arrow by a deep elf archer (6 damage)
             ... while paralysed by a great orb of eyes
             ... on level 5 of the Vaults on July 10, 2020.
             The game lasted 05:33:50 (87125 turns).

KleinerIrrer the Cloud Mage (DsAE)                 Turns: 87125, Time: 05:33:50

Health: -2/164     AC: 27    Str: 10    XL:     23   Next: 20%
Magic:  34/49      EV:  2    Int: 37    God:
Gold:   2196       SH:  0    Dex: 23    Spells: 17/67 levels left

rFire    + + +     SeeInvis +   m - +2 flail "Fiext" {venom, rElec rC+++ Dex+4}
rCold    + + +     Gourm    .   Z - +0 buckler
rNeg     + + +     Faith    .   A - +4 robe of Augmentation {Str+4 Int+4 Dex+4}
rPois    ∞         Spirit   .   (helmet unavailable)
rElec    +         Reflect  +   u - +2 cloak
rCorr    .         Harm     .   X - +2 pair of gloves
MR       .....                  H - +2 pair of boots of the Armadillo {rElec rF++}
Stlth    ++........             l - amulet of reflection
HPRegen  1.37/turn              n - ring of Robustness {AC+8}
MPRegen  0.31/turn              j - ring of the Circus Animal {Wiz rN+++ MR- Str-4 Int+9}

@: paralysed, petrified, marked
A: antennae 3, slimy green scales 3, deformed body, fire resistance 1, powered
by death 2, augmentation 3, flame cloud immunity
}: 2/15 runes: serpentine, barnacled
a: no special abilities


You were on level 5 of the Vaults.
You were hungry.

You visited 8 branches of the dungeon, and saw 40 of its levels.
You visited the Abyss 5 times.
You also visited: Bailey, Gauntlet and Volcano.

You collected 5572 gold pieces.
You spent 3376 gold pieces at shops.

Inventory:

Hand Weapons
 m - the +2 flail "Fiext" (weapon) {venom, rElec rC+++ Dex+4}
   (You took it off a deep elf annihilator on level 3 of the Elven Halls)

   It poisons the flesh of those it strikes.
   It affects your dexterity (+4).
   It renders you almost immune to cold.
   It insulates you from electricity.
Missiles
 F - 21 silver javelins (quivered)
Armour
 u - a +2 cloak (worn)
 A - the +4 robe of Augmentation (worn) {Str+4 Int+4 Dex+4}
   (You took it off a deep elf death mage on level 3 of the Elven Halls)

   It affects your strength (+4).
   It affects your intelligence (+4).
   It affects your dexterity (+4).
 H - the +2 pair of boots of the Armadillo (worn) {rElec rF++}
   (You found it on level 15 of the Dungeon)

   It greatly protects you from fire.
   It insulates you from electricity.
 O - a +1 robe of magic resistance
 X - a +2 pair of gloves (worn)
 Z - a +0 buckler (worn)
Magical Staves
 D - an uncursed staff of air
Jewellery
 j - the ring of the Circus Animal (right hand) {Wiz rN+++ MR- Str-4 Int+9}
   (You acquired it on level 3 of the Elven Halls)

   [ring of wizardry]

   It improves your spell success rate.
   It affects your strength (-4).
   It affects your intelligence (+9).
   It renders you almost immune to negative energy.
   It affects your resistance to hostile enchantments.
 l - an amulet of reflection (around neck)
 n - the ring of Robustness (left hand) {AC+8}
   (You took it off a merfolk aquamancer on level 4 of the Shoals)

   [ring of protection]

   It affects your AC (+8).
 q - an uncursed ring of protection from magic
 r - an uncursed ring of protection from cold
 G - the ring "Puumil" {+Inv rN+ MR+ Int+2}
   (You found it in a Gauntlet)

   [ring of positive energy]

   It affects your intelligence (+2).
   It protects you from negative energy.
   It affects your resistance to hostile enchantments.
   It lets you turn invisible.
 K - an uncursed ring of resist corrosion
 W - the amulet "Ibliw" {rElec rN+ Regen+ MP+9 Int-2}
   (You bought it in a shop on level 2 of the Snake Pit)

   [amulet of regeneration]

   It affects your intelligence (-2).
   It insulates you from electricity.
   It protects you from negative energy.
   It affects your magic capacity (+9).
   It increases your rate of regeneration.
Wands
 e - a wand of polymorph (49)
 i - a wand of iceblast (22)
 p - a wand of enslavement (23)
 y - a wand of clouds (5)
 L - a wand of disintegration (25)
 T - a wand of acid (27)
 V - a wand of digging (27)
Scrolls
 a - 8 scrolls of amnesia
 b - 17 scrolls of identify
 h - 5 scrolls of teleportation
 k - 6 scrolls of fog
 o - 3 scrolls of enchant armour
 t - 4 scrolls of blinking
 w - 19 scrolls of remove curse
 B - a scroll of summoning
 N - 2 scrolls of fear
 Y - 8 scrolls of magic mapping
Potions
 d - 6 potions of lignification
 f - 10 potions of stabbing
 g - 10 potions of haste
 s - 7 potions of flight
 v - 5 potions of cancellation
 x - 3 potions of might
 z - 4 potions of brilliance
 C - 3 potions of ambrosia
 E - 3 potions of curing
 I - 2 potions of heal wounds
 J - a potion of magic
 M - 6 potions of mutation
 S - 2 potions of resistance
Miscellaneous
 R - 4 phantom mirrors
Comestibles
 c - 59 rations


   Skills:
 + Level 9.7 Fighting
 - Level 3.0 Staves
 - Level 6.2 Armour
 + Level 8.0 Dodging
 - Level 1.9 Stealth
 - Level 4.0 Shields
 + Level 22.8 Spellcasting
 - Level 6.0 Conjurations
 - Level 0.2 Summonings
 - Level 2.3 Necromancy
 - Level 2.2 Transmutations
 * Level 24.0 Air Magic
 - Level 2.0 Poison Magic


You had 17 spell levels left.
You knew the following spells:

 Your Spells              Type           Power        Failure   Level  Hunger
a - Shock                 Conj/Air       ####         0%          1    None
b - Swiftness             Chrm/Air       #######.     0%          2    None
c - Static Discharge      Conj/Air       ########     0%          3    None
d - Mephitic Cloud        Conj/Pois/Air  #######.     0%          3    None
e - Airstrike             Air            ########..   0%          4    None
f - Lightning Bolt        Conj/Air       ########..   1%          5    None
g - Tornado               Air            ########..   1%          9    ####...
h - Summon Lightning Spi  Summ/Air       #######.     1%          4    None
i - Conjure Ball Lightni  Conj/Air       ########..   1%          6    None
j - Freezing Cloud        Conj/Ice/Air   #######...   1%          6    None
k - Passwall              Tmut/Erth      ######..     1%          2    None
l - Animate Dead          Necr           N/A          1%          4    None
m - Apportation           Tloc           #####.       1%          1    None

Your spell library contained the following spells:

 Spells                   Type           Power        Failure   Level  Hunger
 Corpse Rot               Necr/Air       N/A          0%          2    None
 Poisonous Vapours        Pois/Air       ######       0%          2    None
 Animate Skeleton         Necr           N/A          1%          1    None
 Corona                   Hex            #####..      1%          1    None
 Foxfire                  Conj/Fire      ####         1%          1    None
 Magic Dart               Conj           ####         1%          1    None
 Sting                    Tmut/Pois      ####         1%          1    None
 Summon Butterflies       Summ           #####...     1%          1    None
 Summon Small Mammal      Summ           ####         1%          1    None
 Blink                    Tloc           N/A          1%          2    None
 Call Imp                 Summ           #####...     1%          2    None
 Ensorcelled Hibernation  Hex/Ice        #####.       1%          2    None
 Searing Ray              Conj           ######       1%          2    None
 Shroud of Golubria       Chrm/Tloc      #####.       1%          2    None
 Slow                     Hex            #####...     1%          2    None
 Song of Slaying          Chrm           #####...     1%          2    None
 Sticks to Snakes         Tmut           ######..     1%          2    None
 Sublimation of Blood     Necr           ######....   1%          2    None
 Call Canine Familiar     Summ           #####...     1%          3    None
 Confusing Touch          Hex            #####...     1%          3    None
 Conjure Flame            Conj/Fire      ######..     1%          3    None
 Dazzling Flash           Conj/Hex       ######       1%          3    None
 Gell's Gravitas          Tloc           #####.....   1%          3    None
 Ignite Poison            Fire/Tmut/Pois ######..     1%          3    None
 Inner Flame              Hex/Fire       #####...     1%          3    None
 Portal Projectile        Hex/Tloc       #####.       1%          3    None
 Recall                   Summ/Tloc      N/A          1%          3    None
 Spider Form              Tmut/Pois      ######....   1%          3    None
 Stone Arrow              Conj/Erth      ######       1%          3    None
 Summon Guardian Golem    Hex/Summ       #####...     1%          3    None
 Vampiric Draining        Necr           ######....   1%          3    None
 Dispel Undead            Necr           ######..     1%          4    None
 Fulminant Prism          Conj/Hex       ######....   1%          4    None
 Iskenderun's Mystic Bla  Conj/Tloc      ######..     1%          4    None
 Olgreb's Toxic Radiance  Pois           ######..     1%          4    None
 Petrify                  Tmut/Erth      ######..     1%          4    None
 Sticky Flame             Conj/Fire      ######..     1%          4    None
 Fireball                 Conj/Fire      ######....   1%          5    None
 Iskenderun's Battlesphe  Conj/Chrm      ######..     1%          5    None
 Silence                  Hex/Air        #######...   1%          5    None
 Cause Fear               Hex            #####.....   2%          4    None
 Leda's Liquefaction      Hex/Erth       #####.....   2%          4    None
 Summon Ice Beast         Ice/Summ       #####...     2%          4    None
 Agony                    Necr           ######..     2%          5    None
 Bolt of Magma            Conj/Fire/Erth ######....   2%          5    None
 Borgnjor's Vile Clutch   Necr/Erth      ######....   4%          5    None
 Excruciating Wounds      Chrm/Necr      ######....   4%          5    None
 Yara's Violent Unravell  Hex/Tmut       ######....   4%          5    None
 Metabolic Englaciation   Hex/Ice        #####.....   6%          5    None
 Summon Demon             Summ           #####.....   6%          5    None
 Summon Forest            Summ/Tloc      #####.....   6%          5    None
 Summon Mana Viper        Hex/Summ       #####...     6%          5    None
 Iron Shot                Conj/Erth      ######....   11%         6    None
 Death Channel            Necr           ######....   14%         6    None
 Hydra Form               Tmut           ######....   14%         6    None
 Eringya's Noxious Bog    Tmut/Pois      ######....   16%         6    None
 Orb of Destruction       Conj           ######....   16%         7    None
 Simulacrum               Ice/Necr       ######....   22%         6    None
 Statue Form              Tmut/Erth      ######...    22%         6    None
 Darkness                 Hex            #####.....   32%         6    None
 Shadow Creatures         Summ           N/A          32%         6    None
 Spellforged Servitor     Conj/Summ      ######....   45%         7    None
 Summon Hydra             Summ           #####.....   85%         7    None
 Ring of Flames           Chrm/Fire      #####.....   86%         7    None
 Discord                  Hex            #####.....   100%        8    #......
 Ignition                 Fire           #####.....   100%        8    #......
 Shatter                  Erth           #####.....   100%        9    ####...


Dungeon Overview and Level Annotations

Branches:
Dungeon (15/15)            Temple (1/1) D:5            Lair (6/6) D:10
 Shoals (4/4) Lair:4        Snake (4/4) Lair:4        Slime (0/5) Lair:6
    Orc (2/2) D:9             Elf (3/3) Orc:2        Vaults (5/5) D:14
  Crypt (0/3) Vaults:3     Depths (0/5) D:15         Bailey (visited)
Volcano (visited)         Gauntlet (visited)

Altars:
Ashenzari
Cheibriados
Dithmenos
Elyvilon
Fedhas
Gozag
Hepliaklqana
Kikubaaqudgha
Makhleb
Nemelex Xobeh
Okawaru
Qazlal
Ru
Sif Muna
Trog
Uskayaw
Vehumet
Wu Jian
Xom
Yredelemnul
Zin
The Shining One
Beogh

Shops:
D:7 (   Orc:2 :[(*   Elf:1 (   Shoals:2 :   Snake:2 ?:=   Vaults:1 *:
Vaults:2 [   Vaults:3 *   Vaults:4 *

Portals:
Trove: D:10 (give 7 scrolls of blinking)

Annotations:
Lair:6 3 runed translucent doors, Sigibet's ghost, journeyman GrEE
Shoals:3 2 transporters, exclusion: downstairs, Xethre's ghost, journeyman GrFi
Elf:2 2 runed translucent doors


Innate Abilities, Weirdness & Mutations

You have a pair of large antennae on your head. (SInv)
You are completely covered in slimy green scales. (AC +4, rPois)
Your flesh is heat resistant. (rF+)
You regenerate health from kills.
Your magical and physical power is greatly enhanced at high health.
You are immune to clouds of flame.
Armour fits poorly on your strangely shaped body.


Message History

The tengu reaver hits you with a +2 great sword of holy wrath!
* * * LOW HITPOINT WARNING * * *
You convulse!
* * * LOW HITPOINT WARNING * * *
The tengu reaver pecks you.
* * * LOW HITPOINT WARNING * * *
The tengu reaver claws you but does no damage.
The phantasmal warrior blinks!
The shadow dragon bites you but does no damage.
The shadow dragon claws you but does no damage.
The shadow dragon claws you!
* * * LOW HITPOINT WARNING * * *
The great orb of eyes gazes at you.
You suddenly lose the ability to move!
The yaktaur captain shoots a bolt.
The bolt hits you!!
* * * LOW HITPOINT WARNING * * *
The vault warden hits you with a +3 long sword!
* * * LOW HITPOINT WARNING * * *
The deep elf archer shoots an arrow.
The arrow hits you!
You die...

.# #....# # #.#
#....#..# #.#
#....#..###
#.##.C..#[...
#..).T.)[§e.
########...[p.T.#######
.........[[)p[c.....)..
.........[TpDG[[..[....
.........pWQ@p[(.c.....
.).......([*G..........
######(.[))[[[W(#######
#e#.().[)()C.[.
#.#.#)))[.)#C....
#}#.#.#)....#...##
#.#.#(#.#....#...#
.#.#.#.##....#Q..#
#.#.# #....#


You could see a shadow dragon, 2 ironheart preservers, 2 stone giants, 2 vault
wardens, a tengu reaver, a yaktaur captain, a great orb of eyes, an ettin, a
glowing orange brain, 3 deep trolls, a vault sentinel (catching breath), a faun
shaped shifter, a deep elf archer (repels missiles), 2 phantasmal warriors, a
deep elf mage and a battlesphere.

Vanquished Creatures
  Mara (Snake:4)
  Bai Suzhen (Snake:4)
  Nikola (Vaults:2)
  A golden dragon (Vaults:5)
  6 liches
  3 tentacled monstrosities (Vaults:5)
  A quicksilver dragon (Vaults:5)
  3 titans (Vaults:5)
  4 deep elf blademasters (Elf:3)
  3 sphinxes
  7 tentacled starspawn
  A deep elf master archer (Elf:3)
  Gastronok (Lair:3)
  A kraken (Shoals:2)
  Kirke (Lair:3)
  2 shadow dragons
  3 tengu reavers (Vaults:5)
  10 nagarajas
  3 frost giants (Vaults:5)
  A storm dragon (Vaults:5)
  Roxanne (Snake:3)
  2 fire giants (Vaults:4)
  5 deep elf sorcerers
  Donald (Shoals:3)
  The ghost of Enoiph the Blasphemer, an adept KoGl of Zin (D:15)
  12 vault wardens
  An angel (Abyss:2)
  2 war gargoyles
  4 deep elf elementalists
  7 stone giants
  9 ironheart preservers
  2 entropy weavers (Vaults:2)
  10 deep elf annihilators
  A minotaur (Gauntlet)
  7 deep elf demonologists
  The ghost of Jizoitti the Destroyer, a journeyman DgWz (D:14)
  A red draconian (Volcano)
  A dire elephant (D:15)
  Snorg (D:13)
  An ettin (Vaults:5)
  4 deep elf death magi
  6 merfolk impalers
  A merfolk javelineer (Shoals:2)
  7 yaktaur captains
  7 deep elf high priests (Elf:3)
  Josephine (D:13)
  4 fire dragons
  19 naga warriors
  3 ice dragons
  5 hydras
  2 peacekeepers (Elf:1)
  34 vault guards
  Fannar (Lair:3)
  Erica (D:7)
  3 merfolk aquamancers
  3 merfolk avatars
  5 anacondas
  An alligator snapping turtle (Shoals:4)
  2 death knights
  A centaur warrior (D:13)
  29 dancing weapons
  3 deep troll earth magi (Vaults:4)
  35 two-headed ogres
  A deep troll shaman (Vaults:4)
  10 ogre magi
  2 tengu warriors (D:13)
  2 satyrs (Shoals:2)
  A vampire mage (Abyss:2)
  An orc high priest (Orc:2)
  8 naga sharpshooters
  A shock serpent (shapeshifter) (Elf:3)
  4 shock serpents
  5 thrashing horrors
  A soul eater (Abyss:4)
  12 deep elf knights
  Urug (Orc:2)
  Sonja (Lair:6)
  8 wretched stars
  A spatial maelstrom (Abyss:2)
  2 storm dragon zombies
  4 sea snakes
  A glowing orange brain (Vaults:2)
  A salamander mystic (Snake:4)
  2 sixfirhies (Abyss:2)
  A fire crab (Lair:5)
  6 unseen horrors
  14 skeletal warriors
  A sea snake (shapeshifter) (Vaults:2)
  4 naga ritualists
  An entropy weaver zombie (Vaults:1)
  6 deep trolls
  2 wizards (Vaults:2)
  A flayed ghost (Vaults:3)
  11 deep elf archers
  Pikel (D:6)
  4 phantasmal warriors
  11 ironbrand convokers
  An orb spider (shapeshifter) (Vaults:1)
  7 harpies
  49 deep elf magi
  18 orc knights
  27 ugly things
  4 wolf spiders
  10 mana vipers
  A cyclops (shapeshifter) (Vaults:4)
  20 fauns
  A tengu skeleton (Vaults:3)
  6 necromancers
  4 oklob plants
  15 cyclopes
  3 orc sorcerers
  9 manticores
  Maurice (D:13)
  15 salamanders
  A fire giant skeleton (Vaults:2)
  2 worldbinders
  A black mamba (shapeshifter) (Vaults:2)
  2 centaur zombies
  11 merfolk sirens
  8 human skeletons
  32 black mambas
  3 water nymphs (Shoals:4)
  An apocalypse crab (Abyss:2)
  3 guardian serpents
  6 elephants
  18 naga magi
  Psyche (D:10)
  Joseph (D:8)
  4 gargoyles
  7 smoke demons
  10 vault sentinels
  13 spiny frogs
  A storm dragon simulacrum (Abyss:4)
  Maggie (D:8)
  A human zombie (Vaults:1)
  2 kobold demonologists
  36 yaktaurs
  2 hellions
  2 rime drakes
  5 komodo dragons
  A hellwing (Abyss:2)
  9 freezing wraiths
  2 efreet
  A yaktaur zombie (Vaults:1)
  A guardian mummy (D:10)
  A troll (shapeshifter) (Vaults:3)
  A jumping spider (shapeshifter) (Vaults:2)
  14 merfolk
  8 trolls
  3 ancient zymes
  2 queen bees
  A tengu simulacrum (Vaults:2)
  8 polar bears
  6 wind drakes
  10 hornets
  A yaktaur skeleton (Vaults:3)
  3 raiju (shapeshifter)
  A tyrant leech (Gauntlet)
  13 hippogriffs
  21 slime creatures
  16 dream sheep
  4 blink frogs
  14 raiju
  A hippogriff (shapeshifter) (Elf:1)
  8 snapping turtles
  4 flying skulls (Abyss:4)
  An air elemental (Elf:2)
  3 wyverns
  A redback (D:12)
  2 shadows
  3 vampires
  3 ynoxinuls (Abyss:2)
  14 spriggans
  2 fire elementals (Elf:2)
  A wyvern (shapeshifter) (D:11)
  3 ettin skeletons
  7 wraiths
  16 large abominations
  4 hungry ghosts
  60 yaks
  A human (D:9)
  12 water elementals
  8 fire bats (Volcano)
  A golden eye (Abyss:2)
  A golden eye (shapeshifter) (Vaults:2)
  5 chaos spawn
  3 basilisks
  8 hogs
  A basilisk (shapeshifter) (Abyss:2)
  A vampire mosquito (D:11)
  2 neqoxecs
  5 insubstantial wisps (Abyss:2)
  A swamp worm (shapeshifter) (Vaults:4)
  7 wargs
  An acid dragon (D:15)
  58 nagas
  2 swamp worms (Gauntlet)
  8 water moccasins
  A hell hound (Abyss:2)
  A spiny frog skeleton (Abyss:4)
  9 porcupines
  7 ice beasts
  Duvessa (D:5)
  6 sky beasts
  2 slaves (D:6)
  A hornet zombie (D:15)
  An eye of draining (shapeshifter) (Vaults:5)
  3 black bears
  5 eyes of draining
  42 orc warriors
  28 ogres
  6 phantoms
  32 wolves
  4 boggarts (Lair:6)
  An ogre (shapeshifter) (Vaults:4)
  13 centaurs
  A manticore skeleton (Abyss:4)
  8 crocodiles
  3 big kobolds
  6 elf zombies
  25 bullfrogs
  A gnoll sergeant (D:10)
  2 earth elementals (Elf:1)
  A deep troll simulacrum (Vaults:2)
  A wyvern zombie (D:6)
  A water moccasin zombie (D:10)
  2 wyvern skeletons
  6 scorpions
  A water moccasin skeleton (D:6)
  Dowan (D:5)
  26 wights
  34 killer bees
  An electric eel (Lair:5)
  6 howler monkeys
  12 crimson imps
  3 bullfrog zombies
  11 small abominations
  7 starcursed masses
  11 hounds
  7 lava snakes (Volcano)
  2 quasits
  4 jellies
  28 orc priests
  Crazy Yiuf (D:7)
  A gnoll shaman (D:9)
  23 orc wizards
  4 centaur skeletons
  Jessica (D:2)
  5 hell rats (Lair:5)
  4 iguanas
  12 worker ants
  2 hound zombies
  A hound skeleton (D:6)
  Robin (D:2)
  7 gnolls
  3 river rats (Lair:5)
  13 adders
  4 shadow imps
  2 white imps (Abyss:2)
  5 ufetubi
  3 oozes
  An adder zombie (D:6)
  A worm (D:2)
  2 dart slugs
  6 leopard geckos
  102 orcs
  3 ball pythons
  8 giant cockroaches
  21 goblins
  8 hobgoblins
  12 jackals
  32 kobolds
  3 quokkas
  6 bats
  2 frilled lizards
  A kobold simulacrum (Abyss:4)
  A leopard gecko skeleton (D:5)
  2 quokka skeletons
  17 rats
  A fungus (Gauntlet)
  5 plants
  16 starspawn tentacles
  2 tentacles (Shoals:2)
1915 creatures vanquished.

Vanquished Creatures (collateral kills)
  A tentacled starspawn (Abyss:4)
  Frances (Snake:2)
  A frost giant (Shoals:3)
  4 merfolk impalers (Shoals:4)
  A sea snake (Shoals:4)
  3 ugly things (D:14)
  2 fauns (Shoals:3)
  3 manticores
  A merfolk siren (Shoals:4)
  A cyclops (Shoals:2)
  3 merfolk
  A wind drake (Shoals:4)
  3 dream sheep (Shoals:2)
  2 yaks (D:12)
  A wyvern skeleton (D:12)
  A wight (D:14)
  2 plants (Shoals:4)
  A starspawn tentacle (Abyss:4)
  A tentacle (Shoals:2)
33 creatures vanquished.

Vanquished Creatures (others)
  2 vault guards (D:14)
  A ball lightning (Shoals:2)
  A salamander (Snake:4)
  A worker ant (D:6)
  A white imp (Abyss:2)
  An ufetubus (Abyss:4)
  An orc (D:9)
  9 fungi
  A lurking horror (Abyss:2)
  24 plants
  22 starspawn tentacles
  A tentacle (Shoals:2)
65 creatures vanquished.

Grand Total: 2013 creatures vanquished

Notes
Turn   | Place    | Note
-------+----------+-------------------------------------------
     0 | D:1      | KleinerIrrer the Demonspawn Air Elementalist began the
                  | quest for the Orb.
     0 | D:1      | Reached XP level 1. HP: 13/13 MP: 3/3
   244 | D:1      | Reached skill level 3 in Air Magic
   274 | D:1      | Gained mutation: You have a pair of small antennae on your
                  | head. [demonic ancestry]
   274 | D:1      | Reached XP level 2. HP: 18/19 MP: 1/5
  1352 | D:2      | Noticed Robin
  1361 | D:1      | Gained mutation: Your flesh is heat resistant. (rF+)
                  | [demonic ancestry]
  1361 | D:1      | Reached XP level 3. HP: 20/24 MP: 6/6
  1484 | D:2      | Found an opulent altar of Gozag.
  1485 | D:2      | Found a sparkling altar of Nemelex Xobeh.
  2073 | D:2      | Killed Robin
  2215 | D:2      | Reached XP level 4. HP: 30/30 MP: 7/7
  2219 | D:2      | Learned a level 2 spell: Swiftness
  2474 | D:2      | Noticed Jessica
  2512 | D:2      | Killed Jessica
  2512 | D:2      | Reached skill level 1 in Armour
  3047 | D:2      | Found a sacrificial altar of Ru.
  3352 | D:3      | Gained mutation: You are partially covered in slimy green
                  | scales. (AC +2) [demonic ancestry]
  3352 | D:3      | Reached XP level 5. HP: 35/35 MP: 5/8
  3354 | D:3      | Noticed an ogre
  3721 | D:3      | Killed an ogre
  3721 | D:3      | Reached skill level 4 in Air Magic
  3785 | D:3      | Learned a level 3 spell: Static Discharge
  3789 | D:3      | Learned a level 3 spell: Mephitic Cloud
  3890 | D:3      | Reached XP level 6. HP: 38/42 MP: 4/10
  4239 | D:3      | Found a sparkling altar of Nemelex Xobeh.
  4241 | D:3      | Found a glowing silver altar of Zin.
  4241 | D:3      | Found a shadowy altar of Dithmenos.
  4243 | D:3      | Found an ancient bone altar of Kikubaaqudgha.
  4243 | D:3      | Found a shimmering altar of Xom.
  4243 | D:3      | Found a burning altar of Makhleb.
  4419 | D:3      | Reached skill level 1 in Poison Magic
  5254 | D:4      | Reached skill level 1 in Fighting
  5254 | D:4      | Reached XP level 7. HP: 48/48 MP: 8/12
  5831 | D:5      | Entered Level 5 of the Dungeon
  6152 | D:5      | Noticed Dowan
  6520 | D:5      | Killed Dowan
  6520 | D:5      | Reached skill level 5 in Air Magic
  6520 | D:5      | Reached XP level 8. HP: 54/54 MP: 8/14
  6529 | D:5      | Learned a level 4 spell: Airstrike
  6532 | D:5      | Noticed Duvessa
  6733 | D:5      | Killed Duvessa
  7220 | D:5      | Found a staircase to the Ecumenical Temple.
  7335 | Temple   | Entered the Ecumenical Temple
  7834 | D:5      | Reached skill level 5 in Spellcasting
  8381 | D:6      | Reached skill level 5 in Conjurations
  8666 | D:6      | Reached XP level 9. HP: 61/61 MP: 11/17
  9107 | D:6      | Noticed Pikel
  9127 | D:6      | Killed Pikel
  9127 | D:6      | Reached skill level 6 in Air Magic
  9868 | D:7      | Found Tain's Antique Weapon Emporium.
 10036 | D:7      | Found a bloodstained altar of Trog.
 10061 | D:7      | Found a runed translucent door.
 10062 | D:7      | Noticed Crazy Yiuf
 10200 | D:7      | Killed Crazy Yiuf
 10399 | D:7      | Found a shadowy altar of Dithmenos.
 10677 | D:8      | Noticed Joseph
 10681 | D:7      | Reached skill level 7 in Air Magic
 10744 | D:8      | Noticed Erica
 10987 | D:7      | Killed Erica
 10987 | D:7      | Gained mutation: You are mostly covered in slimy green
                  | scales. (AC +3) [demonic ancestry]
 10987 | D:7      | Reached XP level 10. HP: 29/69 MP: 14/21
 11174 | D:8      | Noticed Maggie
 11638 | D:8      | Killed Joseph
 12032 | D:8      | Learned a level 5 spell: Lightning Bolt
 12360 | D:8      | Reached skill level 8 in Air Magic
 12523 | D:8      | Killed Maggie
 13210 | D:9      | Found an ancient bone altar of Kikubaaqudgha.
 13210 | D:9      | Found a sacrificial altar of Ru.
 13235 | D:9      | Found a blossoming altar of Fedhas.
 13273 | D:9      | You fall into a shaft and drop 2 floors!
 13723 | D:11     | Noticed a two-headed ogre
 13724 | D:11     | Noticed an eight-headed hydra
 13748 | D:11     | Killed a two-headed ogre
 13876 | D:11     | Noticed a brown ugly thing
 13878 | D:11     | Noticed a gargoyle
 13903 | D:11     | Noticed a death knight
 13909 | D:11     | Noticed Psyche
 13912 | D:10     | Entered Level 10 of the Dungeon
 14176 | D:10     | Found a staircase to the Lair.
 14193 | D:10     | Gained mutation: You have a pair of antennae on your head.
                  | [demonic ancestry]
 14193 | D:10     | Reached XP level 11. HP: 57/75 MP: 9/24
 14302 | D:10     | Killed Psyche
 14302 | D:10     | Reached skill level 9 in Air Magic
 14733 | D:10     | Found a portal to a secret trove of treasure.
 14739 | D:10     | Reached skill level 10 in Spellcasting
 15100 | D:9      | Noticed a deep elf mage
 15100 | D:9      | Noticed a two-headed ogre
 15111 | D:8      | Killed a deep elf mage
 16046 | D:9      | Noticed a two-headed ogre
 16050 | D:9      | Killed a two-headed ogre
 16286 | D:9      | Killed a two-headed ogre
 16286 | D:9      | Reached skill level 10 in Air Magic
 16373 | D:9      | Found a staircase to the Orcish Mines.
 16916 | D:9      | Noticed a sun demon
 17189 | D:9      | Found a snail-covered altar of Cheibriados.
 17790 | D:11     | Reached skill level 5 in Dodging
 18092 | D:10     | Killed a brown ugly thing
 18784 | D:11     | Killed an eight-headed hydra
 18784 | D:11     | Gained mutation: You regenerate a little health from kills.
                  | [demonic ancestry]
 18784 | D:11     | Reached XP level 12. HP: 72/81 MP: 1/27
 19602 | D:11     | Got a crude quarterstaff
 19606 | D:11     | Identified the +2 quarterstaff "Exzoleff" {drain, +Fly MR+
                  | Dex-3} (You found it on level 11 of the Dungeon)
 20097 | D:11     | Killed a death knight
 20097 | D:11     | Reached skill level 11 in Air Magic
 20304 | Lair:1   | Entered Level 1 of the Lair of Beasts
 20384 | Lair:1   | Found a dark tunnel.
 20458 | Volcano  | Entered a volcano
 20713 | Volcano  | Noticed a two-headed ogre
 20713 | Volcano  | Noticed a two-headed ogre
 20713 | Volcano  | Noticed a two-headed ogre
 20760 | Volcano  | Killed a two-headed ogre
 20761 | Volcano  | Noticed a red draconian
 20771 | Volcano  | Killed a red draconian
 20831 | Volcano  | Killed a two-headed ogre
 20916 | Volcano  | Killed a two-headed ogre
 20919 | Volcano  | Noticed an ogre mage
 20962 | Volcano  | Killed an ogre mage
 21024 | Volcano  | Found a bloodstained altar of Trog.
 21379 | Lair:1   | Reached skill level 12 in Air Magic
 21795 | Lair:1   | Found a stormy altar of Qazlal.
 22306 | Orc:1    | Entered Level 1 of the Orcish Mines
 22342 | Orc:1    | Found a roughly hewn altar of Beogh.
 22865 | Orc:2    | Entered Level 2 of the Orcish Mines
 22930 | Orc:2    | Reached XP level 13. HP: 88/88 MP: 8/29
 23056 | Orc:2    | Found a staircase to the Elven Halls.
 23429 | Orc:2    | Noticed Saint Roka
 23587 | Orc:2    | Noticed Urug
 26036 | Lair:3   | Noticed Gastronok
 26534 | Lair:3   | Noticed Fannar
 26733 | Lair:2   | Reached skill level 5 in Armour
 27112 | Lair:3   | Reached skill level 13 in Air Magic
 27229 | Lair:3   | Killed Gastronok
 27705 | Lair:3   | Killed Fannar
 28221 | Lair:3   | Reached skill level 1 in Shields
 28415 | Lair:4   | Found a staircase to the Shoals.
 28716 | Lair:4   | Noticed Kirke
 28877 | Lair:4   | Noticed a sphinx
 28907 | Lair:3   | Reached XP level 14. HP: 7/96 MP: 7/32
 28908 | Lair:3   | HP: 1/96 [something (6)]
 29137 | Lair:3   | Killed Kirke
 29600 | Lair:4   | Found a staircase to the Snake Pit.
 29867 | Lair:4   | Gained mutation: You regenerate health from kills. [demonic
                  | ancestry]
 29867 | Lair:4   | Reached XP level 15. HP: 102/102 MP: 10/33
 30609 | Lair:5   | Got a brightly glowing spear
 31060 | Lair:5   | Reached skill level 14 in Air Magic
 31708 | Lair:6   | Entered Level 6 of the Lair of Beasts
 31934 | Lair:6   | Noticed Sonja
 31937 | Lair:6   | Killed Sonja
 32419 | Lair:6   | Reached skill level 15 in Spellcasting
 32696 | Lair:6   | Reached skill level 5 in Fighting
 33356 | Lair:6   | Found a staircase to the Slime Pits.
 33508 | Lair:6   | Found a runed translucent gate.
 33508 | Lair:6   | Found a runed translucent gate.
 33508 | Lair:6   | Found a runed translucent gate.
 33509 | Lair:6   | Noticed Sigibet's ghost (journeyman GrEE)
 34812 | Orc:2    | Noticed Saint Roka
 34812 | Orc:2    | Saint Roka changed into Saint Roka the shadow dragon
 34899 | Orc:2    | Killed Saint Roka the shadow dragon
 34983 | Orc:2    | Killed Urug
 35010 | Orc:2    | Found a roughly hewn altar of Beogh.
 35331 | Orc:2    | Found Xuninn's General Store.
 35363 | Orc:2    | Found Goehengu's Antique Armour Boutique.
 35368 | Orc:2    | Found Aree's Book Boutique.
 35376 | Orc:2    | Found Kywad's Antique Weapon Boutique.
 35542 | Orc:2    | Bought a potion of heal wounds for 75 gold pieces
 35748 | Orc:2    | Bought a runed cloak for 217 gold pieces
 35748 | Orc:2    | Bought an embroidered scarf for 232 gold pieces
 36022 | Elf:1    | Entered Level 1 of the Elven Halls
 36146 | Elf:1    | Found a ruined gateway.
 36440 | Elf:1    | Cast into level 2 of the Abyss (a deep elf demonologist)
 36464 | Elf:1    | Escaped the Abyss
 36468 | Elf:1    | Reached skill level 15 in Air Magic
 36775 | Elf:1    | Identified the Almanac of Companions
 36967 | Elf:1    | Found Dyukhloqosch's Weapon Emporium.
 37220 | Elf:1    | Gained mutation: You have a pair of large antennae on your
                  | head. (SInv) [demonic ancestry]
 37220 | Elf:1    | Reached XP level 16. HP: 109/109 MP: 6/36
 37913 | Elf:1    | Identified Zaidykh's Incunabulum of Evil Secrets
 38932 | Elf:2    | Found a large runed translucent door.
 38932 | Elf:2    | Found a large runed translucent door.
 38969 | Elf:2    | Found a large runed translucent door.
 38969 | Elf:2    | Found a large runed translucent door.
 39417 | Elf:2    | Reached skill level 16 in Air Magic
 39881 | Elf:3    | Entered Level 3 of the Elven Halls
 40402 | Snake:1  | Entered Level 1 of the Snake Pit
 41873 | Snake:2  | Got a fine robe
 41905 | Snake:2  | Identified the cursed +0 robe of Fashionability {-Tele MR+
                  | MP+9 Str+3} (You found it on level 2 of the Snake Pit)
 42178 | Snake:2  | Found Lompiymueg's Magic Scroll Shop.
 42178 | Snake:2  | Found Xiats's Book Boutique.
 42181 | Snake:2  | Noticed Frances
 42195 | Snake:2  | Killed Frances
 42197 | Snake:2  | Found Xiroots's Jewellery Shop.
 42209 | Snake:2  | Bought the amulet "Ibliw" {rElec rN+ Regen+ MP+9 Int-2} for
                  | 817 gold pieces
 42216 | Snake:2  | Bought a scroll of fog for 28 gold pieces
 42216 | Snake:2  | Bought a scroll of teleportation for 42 gold pieces
 42216 | Snake:2  | Bought a scroll of blinking for 105 gold pieces
 42216 | Snake:2  | Bought a scroll of fog for 28 gold pieces
 42216 | Snake:2  | Bought a scroll of teleportation for 42 gold pieces
 43036 | Snake:2  | Gained mutation: You are immune to clouds of flame.
                  | [demonic ancestry]
 43036 | Snake:2  | Reached XP level 17. HP: 115/115 MP: 35/38
 44050 | Snake:3  | Identified Roxanne's Collected Works on Transmutation
 44050 | Snake:3  | Noticed Roxanne
 44221 | Snake:3  | Killed Roxanne
 46339 | Snake:4  | Entered Level 4 of the Snake Pit
 46343 | Snake:4  | Reached skill level 17 in Air Magic
 47027 | Shoals:1 | Entered Level 1 of the Shoals
 50163 | Shoals:2 | Found Fiyzaebi's Book Shop.
 50172 | Shoals:2 | Bought a book of the Sky for 1040 gold pieces
 50182 | Shoals:2 | Learned a level 9 spell: Tornado
 51385 | Shoals:2 | Learned a level 4 spell: Summon Lightning Spire
 51392 | Shoals:2 | Learned a level 6 spell: Conjure Ball Lightning
 51567 | Shoals:2 | Noticed a kraken
 51572 | Shoals:2 | Killed a kraken
 52310 | Shoals:3 | Noticed Xethre's ghost (journeyman GrFi)
 52426 | Shoals:3 | Noticed Donald
 52432 | Shoals:3 | Killed Donald
 52661 | Shoals:3 | Found a transporter.
 52680 | Shoals:3 | Found a transporter.
 52740 | Shoals:4 | Entered Level 4 of the Shoals
 52742 | Shoals:4 | Gained mutation: You are completely covered in slimy green
                  | scales. (AC +4, rPois) [demonic ancestry]
 52742 | Shoals:4 | Reached XP level 18. HP: 125/125 MP: 25/40
 54500 | Shoals:4 | Reached skill level 18 in Air Magic
 54858 | Shoals:4 | Got a barnacled rune of Zot
 57335 | D:13     | Noticed Maurice
 57342 | D:13     | Killed Maurice
 57343 | D:13     | Noticed Snorg
 57967 | D:13     | Noticed Josephine
 57972 | D:13     | Killed Josephine
 58311 | D:13     | Killed Snorg
 58951 | D:14     | Found a flagged portal.
 58956 | Bailey   | Entered a bailey
 59320 | Bailey   | Found a bloodstained altar of Trog.
 59329 | Bailey   | Identified the +12 dagger of Death's Door {holy, MR+ MP+9}
                  | (You found it in a bailey)
 59725 | D:14     | Found a gate to the Vaults.
 60454 | D:14     | Found a runed translucent door.
 60454 | D:14     | Noticed Jizoitti's ghost (journeyman DgWz)
 60460 | D:14     | Killed Jizoitti's ghost
 60717 | Vaults:1 | Entered Level 1 of the Vaults
 62429 | Vaults:1 | Identified Bootuinwo's Grimoire of Curses and Companions
 62511 | Vaults:1 | Reached XP level 19. HP: 109/138 MP: 3/42
 64212 | Vaults:1 | Found Kuecu's General Store.
 64576 | Vaults:1 | Found Emuhy's Book Shop.
 64596 | Vaults:1 | Bought a book of Clouds for 540 gold pieces
 64603 | Vaults:1 | Learned a level 6 spell: Freezing Cloud
 65270 | Vaults:2 | Reached skill level 19 in Air Magic
 65791 | Vaults:2 | Found Bauriza's Antique Armour Shop.
 65850 | Vaults:1 | Bought a scroll of enchant armour for 105 gold pieces
 66258 | Vaults:2 | Paralysed by an ogre mage for 5 turns
 66725 | Vaults:2 | Noticed a lich
 66784 | Vaults:2 | Killed a lich
 68173 | Vaults:2 | Noticed Nikola
 68187 | Vaults:2 | Killed Nikola
 69448 | Vaults:3 | Reached skill level 20 in Air Magic
 69808 | Vaults:3 | Found Orchewui's General Store.
 69814 | Vaults:3 | Bought a scroll of teleportation for 60 gold pieces
 69913 | Vaults:3 | Gained mutation: Your magical and physical power is
                  | slightly enhanced at high health. [demonic ancestry]
 69913 | Vaults:3 | Reached XP level 20. HP: 145/145 MP: 38/44
 70041 | Vaults:2 | Upgraded the game from 0.25.0-37-gb73750e0fb to
                  | 0.25.0-41-g26779e291d
 71733 | Vaults:3 | Found a staircase to the Crypt.
 72285 | Vaults:4 | Found Peucoc's Assorted Antiques.
 72290 | Vaults:4 | Bought a scroll labeled RITTAS FINYKH for 45 gold pieces
 76027 | Elf:3    | Identified a scroll of acquirement
 76039 | Elf:3    | Acquired the ring of the Circus Animal {Wiz rN+++ MR- Str-4
                  | Int+9}
 76190 | Elf:3    | Reached skill level 21 in Air Magic
 76854 | Elf:3    | Identified the +2 flail "Fiext" {venom, rElec rC+++ Dex+4}
 77206 | Elf:3    | Identified the cursed +1 robe of Upoca {*Slow rC+ Int+2}
 77210 | Elf:3    | Cast into level 3 of the Abyss (a deep elf demonologist)
 77491 | Elf:3    | Escaped the Abyss
 77676 | Elf:3    | Gained mutation: Your magical and physical power is
                  | enhanced at high health. [demonic ancestry]
 77676 | Elf:3    | Reached XP level 21. HP: 110/151 MP: 3/46
 78184 | Elf:3    | Cast into level 4 of the Abyss (a deep elf sorcerer)
 78467 | Elf:3    | Escaped the Abyss
 78642 | Elf:3    | Identified the +7 rapier of the Apocalypse {drain, rF+}
 79107 | Elf:3    | Cast into level 2 of the Abyss (a deep elf sorcerer)
 79107 | Abyss:2  | Found a corrupted altar of Lugonu.
 79152 | Abyss:2  | Learned a level 2 spell: Passwall
 79157 | Abyss:2  | Learned a level 4 spell: Animate Dead
 79266 | Abyss:2  | Reached skill level 1 in Staves
 79452 | Abyss:2  | Gained mutation: Armour fits poorly on your strangely
                  | shaped body. [a neqoxec]
 79946 | Elf:3    | Escaped the Abyss
 79971 | Elf:3    | Reached skill level 22 in Air Magic
 80029 | Elf:3    | Identified the +10 whip of the Ship {freeze, rF+}
 80037 | Elf:3    | Cast into level 2 of the Abyss (a deep elf demonologist)
 80043 | Abyss:2  | Found a corrupted altar of Lugonu.
 80045 | Abyss:2  | Found a corrupted altar of Lugonu.
 81081 | Abyss:2  | Reached skill level 1 in Necromancy
 81081 | Abyss:2  | Reached skill level 1 in Transmutations
 81091 | Elf:3    | Escaped the Abyss
 81266 | Elf:3    | Identified the Catalogue of Companions and Stolen Souls
 81268 | Elf:3    | Identified A Thorough Guide to Wizardry
 81301 | Elf:3    | Identified the +2 dagger of the Girdle {vorpal, +Inv Str+8
                  | SInv} (You found it on level 3 of the Elven Halls)
 81311 | Elf:3    | Found the +8 mithril axe "Arga" {speed, MR+}
 81656 | D:15     | Entered Level 15 of the Dungeon
 81693 | D:15     | Found a runed translucent gate.
 81694 | D:15     | Found a runed translucent gate.
 81694 | D:15     | Found a runed translucent gate.
 81694 | D:15     | Found an ancient bone altar of Kikubaaqudgha.
 81694 | D:15     | Noticed Enoiph's ghost (adept KoGl)
 81723 | D:15     | Killed Enoiph's ghost
 81756 | D:15     | Identified Kikubaaqudgha's Compendium of Stolen Souls
 81759 | D:15     | Identified the +8 broad axe "Idixtehu" {holy, rC+} (You
                  | found it on level 15 of the Dungeon)
 81774 | D:15     | Got a pair of smouldering boots
 81780 | D:15     | Identified the +2 pair of boots of the Armadillo {rElec
                  | rF++} (You found it on level 15 of the Dungeon)
 81784 | D:15     | Identified the cursed ring of Fitt {AC-4 Str-4 Int+7} (You
                  | found it on level 15 of the Dungeon)
 81860 | D:15     | Learned a level 1 spell: Apportation
 81876 | D:15     | Found a gate leading to a gauntlet.
 81887 | Gauntlet | Entered a Gauntlet
 81887 | Gauntlet | Found a transporter.
 81887 | Gauntlet | Found a transporter.
 81887 | Gauntlet | Found a transporter.
 81896 | Gauntlet | Found a runed translucent door.
 81899 | Gauntlet | Found a transporter.
 81900 | Gauntlet | Found a transporter.
 81908 | Gauntlet | Found a transporter.
 81911 | Gauntlet | Found a transporter.
 81922 | Gauntlet | Found a transporter.
 81937 | Gauntlet | Found a transporter.
 81942 | Gauntlet | Found a transporter.
 81945 | Gauntlet | Found a transporter.
 81955 | Gauntlet | Found a transporter.
 82138 | Gauntlet | Got a sparkling ivory ring
 82139 | Gauntlet | Identified the ring "Puumil" {+Inv rN+ MR+ Int+2} (You
                  | found it in a Gauntlet)
 82185 | Gauntlet | Identified Nemo's Reference Book on the Unholy Escort
 82185 | Gauntlet | Identified the Catalogue of Curses and Boosts
 84050 | D:15     | Found a staircase to the Depths.
 84892 | Snake:4  | Noticed Mara
 84909 | Snake:4  | Noticed KleinerIrrer's illusion
 84910 | Snake:4  | Killed Mara
 84910 | Snake:4  | Reached XP level 22. HP: 145/157 MP: 9/48
 85821 | Snake:4  | Reached skill level 23 in Air Magic
 85839 | Snake:4  | Noticed Bai Suzhen
 85861 | Snake:4  | Killed Bai Suzhen
 86184 | Snake:4  | Got a serpentine rune of Zot
 86814 | Vaults:5 | Entered Level 5 of the Vaults
 86972 | Vaults:5 | Gained mutation: Your magical and physical power is greatly
                  | enhanced at high health. [demonic ancestry]
 86972 | Vaults:5 | Reached XP level 23. HP: 144/164 MP: 39/49
 87115 | Vaults:5 | Reached skill level 24 in Air Magic
 87124 | Vaults:5 | Paralysed by a great orb of eyes for 7 turns
 87124 | Vaults:5 | HP: 8/164 [yaktaur captain/bolt (16)]
 87125 | Vaults:5 | Shot with an arrow by a deep elf archer

Illustrated notes

Levels and vault maps discovered:
D:1:      psy_arrival_radial02, layout_loops_ring, minmay_pentomino_p4
D:2:      layout_basic, grunt_temple_overflow_opulence, first_ration,
          nicolae_ru_awakened_eye, uniq_jessica, uniq_robin
D:3:      layout_basic, doesnt_xom_only_xom
D:4:      layout_rooms
D:5:      layout_cave_pods, minmay_temple_entry_wispy, grunt_decor_clamped,
          uniq_duvessa
D:6:      layout_rooms, minivault_11, uniq_pikel
D:7:      layout_cave_pools, nicolae_overflow_hidden_temple, basic_altar,
          serial_shops, nicolae_shop_temple_entry_statues_fountains,
          uniq_crazy_yiuf_cottage
D:8:      layout_gridville, uniq_joseph, uniq_maggie, uniq_erica
D:9:      minmay_bloctagon, layout_basic, grunt_temple_overflow_open,
          orc_0_dummy, basic_altar, grunt_livestock
D:10:     layout_gridville, erik_lair_orcish_takeover,
          nicolae_trove_entry_path_of_doom
D:11:     kennysheep_blocky_room, layout_rooms, uniq_psyche
D:12:     minmay_inside_and_out, layout_basic
D:13:     layout_basic, uniq_maurice, uniq_josephine, uniq_snorg
D:14:     layout_roguey, erik_vaults_2, enter_bailey_3, gammafunk_ghost_grave,
          lemuel_flamethrower_3
D:15:     hangedman_depths_entry_try_elsewhere_first, layout_stronghold,
          hangedman_abyss_or_decor_passed, gauntlet_entry_generic,
          gammafunk_ghost_crypt
Temple:   eino_temple_rhombus
Lair:1:   layout_loops_ring, basic_altar, enter_volcano_1, beast_lair_carwin_9
Lair:2:   layout_cave_pods
Lair:3:   layout_long_grid, special_room [special_room_bee],
          chequers_serial_rivers_micro_c, grunt_forest_large_clearing_hut,
          uniq_gastronok, uniq_fannar
Lair:4:   layout_regular_city, minmay_shoals_entry_lonely_mermaid,
          minmay_snake_entry_guardpost_large, minmay_lair_oklob_chamber,
          grunt_megastairs_4, uniq_kirke
Lair:5:   layout_regular_city, kennysheep_abandoned_house, serial_bayou_shore_a
Lair:6:   minmay_lair_end_enchanted_forest, layout_regular_city,
          minmay_slime_entry_oklob_open, gammafunk_ghost_hydra_chop,
          infiniplex_staircase_pool_2, uniq_sonja
Shoals:1: layout_shoals, st_shoals_ruin
Shoals:2: layout_shoals, serial_shops, shop
Shoals:3: argonaut_golden_fleece, layout_shoals,
          gammafunk_ghost_berserking_beasts, uniq_donald
Shoals:4: shoals_end_grunt_ice, layout_shoals
Snake:1:  layout_gridlike
Snake:2:  layout_chambers, drop_trap, nicolae_coiled_stairwell_down,
          lemuel_fruit_tree, minmay_shop_star, uniq_frances
Snake:3:  layout_layer_cave, uniq_roxanne
Snake:4:  minmay_snake_end_coiled, layout_rooms, grunt_ministairs_7,
          st_stairs_9, uniq_bai_suzhen, uniq_mara
Orc:1:    layout_caves, basic_altar
Orc:2:    grunt_orc_cross, layout_diamond_mine
Elf:1:    eino_elf_arrival_the_gate, layout_loops_corners,
          portal_desolation_entry_twin_temple, serial_shops, shop,
          minmay_elf_necromancy, minmay_elf_demonology
Elf:2:    layout_loops_cross, nicolae_elf_big_sculpture_3
Elf:3:    minmay_elf_hall_not_hex, layout_onion_city, guppyfry_elf_castle
Vaults:1: nicolae_vaults_little_squares_2, vaults_room_door_hall, v_misc_27,
          nicolae_vaults_know_your_exits, v_misc_33, v_misc_1,
          layout_vaults_omnigrid, serial_shops, shop, shop
Vaults:2: v_misc_4, nicolae_vaults_windows_and_doors_thing,
          nicolae_vaults_angled_halls, ontoclasm_vaults_loading_screen,
          hangedman_vaults_hat, nicolae_vaults_network_quincunx
          [nicolae_vaults_network_quincunx_subvault,
          nicolae_vaults_network_quincunx_subvault,
          nicolae_vaults_network_quincunx_subvault,
          nicolae_vaults_network_quincunx_subvault,
          nicolae_vaults_network_quincunx_subvault],
          ontoclasm_vaults_decontamination, st_star, ontoclasm_vaults_idyll,
          ontoclasm_vaults_chip, v_pattern_4, ontoclasm_vaults_loading_screen,
          grunt_vaults_hallway_short, grunt_vaults_hallway_short,
          layout_vaults_omnibox, serial_shops, shop, uniq_nikola
Vaults:3: v_alt_pattern_6, nicolae_vaults_theta, v_rooms_5, vaults_room_fours,
          v_pattern_3, vaults_room_stairs_pillars,
          minmay_crypt_entry_skeletal_spiral, vaults_room_pool,
          dpeg_vaults_monster_box, layout_vaults_chaotic_city, serial_shops,
          nicolae_shop_statue_plus
Vaults:4: v_alt_pattern_3, v_misc_12, vaults_dpeg_encased_lava,
          hangedman_vaults_stagger, v_misc_1, vaults_dpeg_hooks,
          vaults_mumra_minichess, hangedman_vaults_stretched_pinwheel,
          nicolae_vaults_disjoint_gnomons, ontoclasm_vaults_eye,
          nicolae_vaults_bisected_slash, layout_vaults_big_cross, serial_shops,
          shop
Vaults:5

Skill      XL: |  1  2  3  4  5  6  7  8  9 10 11 12 13 14 15 16 17 18 19 20 21 22 23 |
---------------+----------------------------------------------------------------------+-----
Air Magic      | 3 4 5 7 8 10 12 13 15 16 17 18 20 21 22 23 24 | 24.0
Dodging        | 2 3 4 5 6 7 8 |  8.0
Armour         | 1 2 3 4 5 6 |  6.2
Conjurations   | 2 3 4 5 6 |  6.0
Spellcasting   | 3 4 5 7 9 11 12 14 16 17 18 19 20 21 22 | 22.8
Poison Magic   | 1 2 |  2.0
Fighting       | 1 2 3 4 5 6 9 |  9.7
Shields        | 3 4 |  4.0
Staves         | 3 |  3.0
Necromancy     | 2 |  2.3
Transmutations | 2 |  2.2
Stealth        | |  1.9
Summonings     | |  0.2

Action                   |  1- 3 |  4- 6 |  7- 9 | 10-12 | 13-15 | 16-18 | 19-21 | 22-24 || total
-------------------------+-------+-------+-------+-------+-------+-------+-------+-------++-------
Melee: Short sword       |   101 |    58 |    14 |       |       |       |       |       ||   173
       Unarmed           |     2 |       |       |       |       |       |       |       ||     2
       Dagger            |       |       |    39 |       |       |       |       |       ||    39
       Falchion          |       |       |    33 |       |       |       |       |       ||    33
       Whip              |       |       |    42 |   217 |    87 |       |       |       ||   346
       Staff             |       |       |       |       |    52 |    67 |   245 |       ||   364
       Flail             |       |       |       |       |       |       |    29 |    58 ||    87
Throw: Javelin           |       |       |       |       |       |       |     1 |       ||     1
 Cast: Shock             |    50 |   107 |   309 |   346 |   149 |     5 |       |       ||   966
       Swiftness         |       |     1 |     1 |     1 |       |       |       |       ||     3
       Mephitic Cloud    |       |       |     7 |    17 |       |       |     2 |       ||    26
       Airstrike         |       |       |     4 |   203 |   572 |  1152 |   634 |    18 ||  2583
       Static Discharge  |       |       |       |    15 |    18 |       |    12 |       ||    45
       Lightning Bolt    |       |       |       |    14 |    55 |   122 |   188 |     2 ||   381
       Summon Lightning  |       |       |       |       |       |    14 |     4 |       ||    18
       Conjure Ball Ligh |       |       |       |       |       |     1 |       |       ||     1
       Freezing Cloud    |       |       |       |       |       |       |    96 |    14 ||   110
       Tornado           |       |       |       |       |       |       |    45 |    25 ||    70
       Apportation       |       |       |       |       |       |       |     2 |       ||     2
Evoke: Wand              |       |       |     5 |     3 |     8 |     6 |     3 |       ||    25
  Use: Scroll            |     6 |     2 |     3 |    17 |    13 |    19 |    22 |       ||    82
       Potion            |       |     1 |     1 |     1 |    11 |     3 |     9 |     2 ||    28
 Stab: Sleeping          |     1 |     3 |       |       |       |       |     1 |       ||     5
       Confused          |       |       |     6 |     5 |       |       |       |       ||    11
       Distracted        |       |       |       |     2 |       |       |       |       ||     2
  Eat: Chunk             |     5 |     9 |    19 |    27 |    35 |    51 |    63 |     2 ||   211
       Ration            |       |       |       |     6 |     3 |     8 |     6 |     2 ||    25
Armor: Leather armour    |    28 |    54 |    78 |    67 |       |       |       |       ||   227
       Robe              |     7 |       |       |       |    16 |    69 |   234 |    76 ||   402
       Ring mail         |       |       |       |     8 |    44 |       |       |       ||    52
       Swamp dragon scal |       |       |       |       |    69 |    87 |       |       ||   156
Dodge: Dodged            |    82 |    81 |   156 |   336 |   423 |   378 |   479 |    93 ||  2028
Block: Buckler           |       |       |       |       |    90 |   139 |   271 |    79 ||   579
       Reflection        |       |       |       |       |       |       |    11 |    13 ||    24
       Rpst.: Falchion   |       |       |    10 |       |       |       |       |       ||    10
